 Dungeon Crawl Stone Soup version 0.26-a0-537-g96b2eae49b (webtiles) character file.

Game seed: 11830725395385380771

154 Morbidden the Ducker (level 5, -5/41 HPs)
             Began as a Merfolk Gladiator on Aug 14, 2020.
             Killed from afar by Blork the orc (7 damage)
             ... with a puff of frost
             ... on level 4 of the Dungeon.
             The game lasted 00:03:07 (2902 turns).

Morbidden the Ducker (Merfolk Gladiator)            Turns: 2902, Time: 00:03:07

Health: -5/41      AC:  7    Str: 16    XL:     5   Next: 35%
Magic:  5/5        EV: 12    Int:  7    God:
Gold:   184        SH:  0    Dex: 15    Spells: 4/4 levels left

rFire    . . .     SeeInvis .   l - +0 dagger (venom)
rCold    . . .     Faith    .   (no shield)
rNeg     . . .     Spirit   .   i - +0 scale mail
rPois    +         Reflect  .   (helmet restricted)
rElec    .         Harm     .   (no cloak)
rCorr    .                      (no gloves)
MR       +....                  n - +0 pair of boots
Stlth    ..........             (no amulet)
HPRegen  0.13/turn              h - ring of poison resistance
MPRegen  0.09/turn              (no ring)

@: mighty
A: change form in water, swift swim, stealthy swim, horns 1, blink, magic
resistance 1
a: Blink


You were on level 4 of the Dungeon.
You visited 1 branch of the dungeon, and saw 4 of its levels.

You collected 184 gold pieces.

Inventory:

Hand Weapons
 a - a +0 trident
 l - a +0 dagger of venom (weapon)
Missiles
 d - 3 throwing nets
 m - 7 boomerangs
 q - 7 poisoned darts (quivered)
 r - 8 boomerangs of dispersal
Armour
 c - a +0 helmet
 i - a +0 scale mail (worn)
 n - a +0 pair of boots (worn)
Jewellery
 h - a ring of poison resistance (left hand)
Wands
 s - a wand of enslavement (7)
 v - a wand of random effects (21)
Scrolls
 b - a scroll of enchant weapon {unknown}
 g - 7 scrolls of identify {unknown}
 j - 4 scrolls of teleportation {unknown}
 k - a scroll of noise {unknown}
 p - a scroll of blinking {unknown}
 u - 2 scrolls of random uselessness {unknown}
 w - a scroll of remove curse {unknown}
 x - a scroll of enchant armour {unknown}
Potions
 e - a potion of might
 f - a potion of mutation
 o - a potion of berserk rage {unknown}
 t - a potion of invisibility {unknown}


   Skills:
 * Level 3.0 Fighting
 + Level 5.6 Polearms
 + Level 2.6 Throwing
 + Level 0.8 Armour
 * Level 5.6 Dodging
 + Level 0.2 Stealth


You had 4 spell levels left.
You didn't know any spells.
Your spell library was empty.

Dungeon Overview and Level Annotations

Branches:
Dungeon (4/15)
 Temple: D:4-7

Altars:
Ashenzari
Qazlal

Annotations:
D:4 Blork the orc


Innate Abilities, Weirdness & Mutations

You revert to your normal form in water.
You are very nimble and swift while swimming.
You are very stealthy in the water. (Stealth+)
You have a pair of small horns on your head.
You can translocate small distances at will.
You are resistant to hostile enchantments. (MR+)


Message History

The puff of frost hits you!
* * * LOW HITPOINT WARNING * * *
There is a stone staircase leading up, spattered with blood here.
Unknown command.
It was a potion of might.
You feel very mighty all of a sudden.
Blork the orc hits you but does no damage.
Unknown command.
It was a potion of mutation.
You feel extremely strange.
You feel resistant to hostile enchantments.
A pair of horns grows on your head!
Your +0 helmet falls away!
You feel jittery.
Blork the orc gestures wildly while chanting.
Blork the orc flickers and vanishes!
Deactivating autopickup; reactivate with Ctrl-A.
You hear some strange, mumbled words.
A puff of frost appears from out of thin air!
The puff of frost hits you!
You die...

### ##.## #...####
#......#### #......@).#
#..##.#{..#
#####.#...####
#..........####
#..##.........####
####................#.
..
##.##......#.........<.
## ...
#......................
#.##(#
#...###.....###.[......


There were no monsters in sight!

Vanquished Creatures
  2 orc wizards (D:3)
  3 adders
  An ooze (D:3)
  A worm (D:3)
  A dart slug (D:1)
  4 leopard geckos
  7 orcs
  A ball python (D:3)
  6 bats
  2 giant cockroaches (D:3)
  5 goblins
  4 hobgoblins
  4 jackals (D:1)
  A quokka (D:3)
  A frilled lizard (D:2)
  4 kobolds
  4 rats
51 creatures vanquished.

Vanquished Creatures (others)
  5 toadstools (D:1)
5 creatures vanquished.

Grand Total: 56 creatures vanquished

Notes
Turn   | Place    | Note
-------+----------+-------------------------------------------
     0 | D:1      | Morbidden the Merfolk Gladiator began the quest for the
                  | Orb.
     0 | D:1      | Reached XP level 1. HP: 16/16 MP: 1/1
    41 | D:1      | Reached XP level 2. HP: 5/22 MP: 2/2
  1028 | D:2      | Reached skill level 5 in Dodging
  1028 | D:2      | Reached XP level 3. HP: 25/28 MP: 3/3
  1261 | D:2      | Found a stormy altar of Qazlal.
  1352 | D:2      | Reached skill level 5 in Polearms
  1516 | D:3      | Reached XP level 4. HP: 22/34 MP: 4/4
  2286 | D:4      | Found a shattered altar of Ashenzari.
  2297 | D:4      | Noticed Blork the orc
  2326 | D:3      | Reached XP level 5. HP: 17/40 MP: 5/5
  2900 | D:4      | HP: 2/41 [Blork the orc/puff of frost (13)]
  2902 | D:4      | Gained mutation: You are resistant to hostile enchantments.
                  | (MR+) [potion of mutation]
  2902 | D:4      | Gained mutation: You have a pair of small horns on your
                  | head. [potion of mutation]
  2902 | D:4      | Gained mutation: You can translocate small distances at
                  | will. [potion of mutation]
  2902 | D:4      | Killed from afar by Blork the orc

Illustrated notes

Levels and vault maps discovered:
D:1:      ldierk_walled_garden, layout_loops_cross
D:2:      layout_rooms, nicolae_qazlal_general_emergency
D:3:      layout_loops_ring
D:4:      layout_cave_pools, cheibrodos_ashenzari_chains, temple_hall,
          kennysheep_generic_room_2, uniq_blork_the_orc, uniq_sigmund

Skill      XL: |  1  2  3  4  5 |
---------------+----------------+-----
Dodging        | 5 |  5.6
Polearms       | 5 |  5.6
Fighting       | 3 |  3.0
Throwing       | |  2.6
Armour         | |  0.8
Stealth        | |  0.2

Action                   |  1- 3 |  4- 6 || total
-------------------------+-------+-------++-------
Melee: Trident           |   112 |    57 ||   169
       Dagger            |       |    27 ||    27
Throw: Dart              |       |     1 ||     1
       Boomerang         |       |     1 ||     1
  Use: Potion            |       |     2 ||     2
Armor: Leather armour    |    12 |       ||    12
       Scale mail        |    11 |    28 ||    39
Dodge: Dodged            |    70 |    55 ||   125

Table legend: (Time is in decaauts)
 A = Elapsed time spent in this place.
 B = Non-inter-level travel time spent in this place.
 C = Inter-level travel time spent in this place.
 D = Time resting spent in this place.
 E = Time spent auto-exploring this place.
 F = Levels seen in this place.
 G = Mean time per level.
                   A        B        C        D        E       F      G
               +--------+--------+--------+--------+--------+-----+--------+
         Total |   2906 |   2840 |     66 |    510 |   1880 |   4 |  726.5 |
       Dungeon |   2906 |   2840 |     66 |    510 |   1880 |   4 |  726.5 |
               +--------+--------+--------+--------+--------+-----+--------+

Top non-repeatable levels by time:
     D:3: 1338 daAuts
     D:1: 1004 daAuts
     D:2: 479 daAuts
     D:4: 84 daAuts
